 Dungeon Crawl Stone Soup version 0.29.1-1-gd02db6906a (webtiles) character file.

Game seed: 15757867889802903208

227 Metae the Trooper (level 5, 0/72 HPs)
             Began as a Minotaur Fighter on Sept 28, 2022.
             Slain by an orc priest
             ... wielding a +0 hand axe
              (3 damage)
             ... on level 3 of the Dungeon.
             The game lasted 00:08:47 (3412 turns).

Metae the Trooper (Minotaur Fighter)                Turns: 3412, Time: 00:08:48

Health: 0/72       AC:  7    Str: 26 (27) XL:     5   Next: 70%
Magic:  4/4        EV:  9    Int:  1 (4)  God:
Gold:   142        SH:  4    Dex:  5 (8)  Spells: 4/4 levels left

rFire   . . .      SeeInvis .   a - +0 trident
rCold   . . .      Faith    .   c - +0 buckler
rNeg    . . .      Spirit   .   b - +0 scale mail
rPois   .          Reflect  .   (helmet restricted)
rElec   .          Harm     .   (no cloak)
rCorr   .          Rampage  .   (no gloves)
Will    .....                   (no boots)
Stlth   ..........              (no amulet)
HPRegen 0.22/turn               (no ring)
MPRegen 0.09/turn               (no ring)

@: berserking, very quick
A: horns 2, retaliatory headbutt, strong 1, inability to drink after injury 1,
MP-powered wands
a: no special abilities


You were on level 3 of the Dungeon.
You visited 1 branch of the dungeon, and saw 4 of its levels.

You collected 142 gold pieces.

Inventory:

Hand Weapons
 a - a +0 trident (weapon)
 p - a +0 sling
Missiles
 i - 16 stones (quivered)
Armour
 b - a +0 scale mail (worn)
 c - a +0 buckler (worn)
Scrolls
 e - a scroll of fear
 f - a scroll of silence {unknown}
 g - a scroll of enchant weapon {unknown}
 k - a scroll of poison {unknown}
 m - a scroll of identify {unknown}
 n - a scroll of vulnerability
 q - a scroll of teleportation {unknown}
Potions
 d - 3 potions of might
 j - a potion of degeneration


   Skills:
 + Level 5.0 Fighting
 + Level 4.1 Polearms
 + Level 5.0 Armour
 + Level 5.0 Shields


You had 4 spell levels left.
You didn't know any spells.
Your spell library was empty.

Dungeon Overview and Level Annotations

Branches:
Dungeon (4/15)
 Temple: D:4-7

Altars:
Yredelemnul

Shops:
D:1 [


Innate Abilities, Weirdness & Mutations

You have a pair of horns on your head.
You reflexively headbutt those who attack you in melee.
Your muscles are strong. (Str +4, Int/Dex -1)
You occasionally lose the ability to drink potions when taking damage.
You expend magic power (3 MP) to strengthen your wands.


Message History

The orc priest hits you with a +0 hand axe.
* * * LOW HITPOINT WARNING * * *
The orc hits you but does no damage.
The orc priest attacks as you move away!
The orc priest hits you with a +0 hand axe.
* * * LOW HITPOINT WARNING * * *
The orc priest attacks as you move away!
The orc priest hits you with a +0 hand axe.
* * * LOW HITPOINT WARNING * * *
The orc priest attacks as you move away!
The orc priest hits you with a +0 hand axe.
* * * LOW HITPOINT WARNING * * *
There is a stone staircase leading up here.
The orc throws a boomerang.
You block the boomerang.
The orc priest looks braver for a moment.
You climb upwards.
There is a stone staircase leading down here.
It was a potion of degeneration.
There was something very wrong with that liquid.
You feel weakened.
You feel dopey.
You feel clumsy.
The orc priest hits you with a +0 hand axe.
* * * LOW HITPOINT WARNING * * *
It was a potion of cancellation.
You feel magically purged. You block the orc priest's attack.
It was a potion of mutation.
You feel extremely strange.
You occasionally lose the ability to drink potions when taking damage.
You feel your magical essence link to the dungeon's wands.
You feel stronger.
The orc priest calls down the wrath of Beogh upon you.
You barely resist.
It was a potion of berserk rage.
A red film seems to cover your vision as you go berserk!
You feel yourself moving faster!
You feel mighty!
The orc priest miscasts a cantrip.
You puncture the orc priest! Your headbutt misses the orc priest.
The orc priest is heavily wounded.
You barely miss the orc priest.
The orc priest is heavily wounded.
The orc priest hits you with a +0 hand axe.
You die...

#####
#############...#
##...............#
##..#####..)..#.@.#
...######.#####..o#
..........#########
##########....#
.####).....####
....>.######
.##...#...#######
.....##...#....>#
................#


You could see an orc priest.

Vanquished Creatures
  Jessica (D:3)
  Terence (D:3)
  Ijyb (D:3)
  Natasha (twice) (D:2)
  6 adders
  3 dart slugs
  3 orcs (D:4)
  7 ball pythons
  4 bats
  2 endoplasms
  2 giant cockroaches (D:3)
  A goblin (D:4)
  6 hobgoblins
  2 frilled lizards
  2 kobolds (D:3)
  3 rats
46 creatures vanquished.

Vanquished Creatures (others)
  47 fungi (D:4)
47 creatures vanquished.

Grand Total: 93 creatures vanquished

Notes
Turn   | Place    | Note
-------+----------+-------------------------------------------
     0 | D:1      | Metae the Minotaur Fighter began the quest for the Orb.
     0 | D:1      | Reached XP level 1. HP: 19/19 MP: 0/0
   356 | D:1      | Found Otrefax's Armour Emporium.
   369 | D:1      | Reached XP level 2. HP: 27/27 MP: 1/1
   738 | D:1      | Found a faded altar of an unknown god.
  1111 | D:2      | Reached XP level 3. HP: 33/33 MP: 2/2
  1130 | D:2      | Identified the +2 leather armour of Iwurham {Harm rF++}
  1493 | D:3      | Noticed Jessica
  1499 | D:3      | Killed Jessica
  1500 | D:3      | Reached XP level 4. HP: 17/41 MP: 3/3
  1854 | D:3      | Found a basalt altar of Yredelemnul.
  1983 | D:3      | Noticed Natasha
  1983 | D:3      | Noticed Terence
  2013 | D:2      | Killed Natasha
  2020 | D:2      | Noticed Natasha
  2026 | D:2      | Killed Natasha
  2427 | D:3      | Killed Terence
  2428 | D:3      | Reached XP level 5. HP: 19/47 MP: 4/4
  2864 | D:3      | Noticed Ijyb
  2881 | D:3      | Killed Ijyb
  3344 | D:4      | Reached skill level 5 in Fighting
  3344 | D:4      | Reached skill level 5 in Armour
  3346 | D:4      | Reached skill level 5 in Shields
  3402 | D:4      | HP: 2/48 [orc priest/+0 hand axe (5)]
  3407 | D:3      | HP: 1/48 [orc priest/+0 hand axe (2)]
  3409 | D:3      | Gained mutation: You occasionally lose the ability to drink
                  | potions when taking damage. [potion of mutation]
  3409 | D:3      | Gained mutation: You expend magic power (3 MP) to
                  | strengthen your wands. [potion of mutation]
  3409 | D:3      | Gained mutation: Your muscles are strong. (Str +4, Int/Dex
                  | -1) [potion of mutation]
  3412 | D:3      | Slain by an orc priest

Illustrated notes

Levels and vault maps discovered:
D:1:      nzn_arrival_depleted_hourglass, layout_loops_ring, serial_shops,
          nicolae_shop_behind_doors, chequers_ecumenical_altar_twisty
D:2:      layout_loops_ring
D:3:      layout_rooms, mainiacjoe_overflow_catwalk, uniq_ijyb, uniq_terence,
          uniq_natasha, uniq_jessica
D:4:      layout_basic, mainiacjoe_overflow_catch_the_wave

Skill      XL: |  1  2  3  4  5 |
---------------+----------------+-----
Shields        | 4 5 |  5.0
Fighting       | 4 5 |  5.0
Armour         | 4 5 |  5.0
Polearms       | 3 4 |  4.1

Action                   |  1- 3 |  4- 6 || total
-------------------------+-------+-------++-------
Melee: Trident           |    57 |    79 ||   136
       Headbutt          |     3 |    14 ||    17
Throw: Stone             |       |     4 ||     4
  Use: Potion            |       |     5 ||     5
       Scroll            |       |     2 ||     2
Armor: Scale mail        |    21 |    29 ||    50
Dodge: Dodged            |    23 |    31 ||    54
Block: Buckler           |     8 |    19 ||    27
